AoeStats
← Ugomez

Arena

510159120Analyzed
3v3 RM · 3d ago on Sep 29, 2026· 62m 46s· 6 players
Game mode
Random Map
Map size
Normal (6 player)
Population
200
Speed
Normal
Resources
Standard
Victory
Conquest
Starting age
Dark Age
Ending age
Imperial Age
RankedLock teamsTeams togetherTeam positionsShared explorationLock speedFull tech treeHidden civsTurbo modeCheats
Victory
Defeat
🇧🇷 Portuguese · Brazil
720
+18
🇷🇸 Byzantines · Serbia
659
+20
🇧🇷 Britons · Brazil
653
+20
🇪🇸 Byzantines · Spain
838
-73
🇪🇸 Spanish · Spain
790
-21
🇪🇸 Khmer · Spain
629
-14
Tompzera
10:28 Feudal Age
11:00 Double-Bit Axe
11:51 Wheelbarrow
10:58 Horse Collar
12:02 Gold Mining
19:50 Castle Age
18:37 Stone Mining
20:53 Hand Cart
20:53 Bow Saw
20:51 Heavy Plow
21:39 Treadmill Crane
22:20 Town Watch
23:18 Gold Shaft Mining
23:02 Pikeman
25:18 Elite Skirmisher
26:20 Crossbowman
29:37 Ballistics
30:13 Fletching
30:33 Forging
34:44 Imperial Age
31:48 Man-at-Arms
33:07 Gambesons
32:44 Long Swordsman
34:07 Husbandry
35:26 Cavalier
36:46 Town Patrol
36:33 Loom
38:17 Conscription
38:00 Warwolf
39:46 Onager
39:56 Halberdier
40:41 Padded Archer Armor
40:37 Bodkin Arrow
40:45 Heavy Scorpion
40:54 Heavy Scorpion
43:33 Chemistry
42:30 Arbalester
43:35 Caravan
43:24 Light Cavalry
46:29 Two-Handed Swordsman
47:11 Squires
47:31 Bracer
47:46 Leather Archer Armor
47:42 Forging
47:33 Scale Mail Armor
47:39 Scale Barding Armor
48:46 Yeomen
50:07 Conscription
51:19 Two-Man Saw
51:20 Iron Casting
51:05 Chain Barding Armor
51:16 Ring Archer Armor
51:01 Chain Mail Armor
51:39 Champion
57:33 Elite Longbowman
Seeker
11:08 Feudal Age
12:21 Double-Bit Axe
18:10 Castle Age
19:38 Wheelbarrow
19:01 Gold Mining
19:28 Bow Saw
19:32 Horse Collar
22:49 Forging
23:17 Scale Barding Armor
26:14 Gold Shaft Mining
28:14 Chain Barding Armor
30:26 Iron Casting
32:12 Heavy Plow
32:07 Stone Mining
35:07 Imperial Age
34:30 Hand Cart
37:49 Loom
37:43 Elite Cataphract
39:29 Conscription
43:51 Logistica
45:06 Plate Barding Armor
51:18 Two-Man Saw
53:04 Husbandry
61:57 Stone Shaft Mining
61:24 Scale Mail Armor
61:25 Padded Archer Armor
61:15 Fletching
Pica das Galaxias
3:41 Loom
12:53 Feudal Age
13:18 Man-at-Arms
14:43 Wheelbarrow
15:57 Arson
21:08 Castle Age
19:03 Stone Mining
22:20 Double-Bit Axe
24:11 Crossbowman
25:23 Pikeman
27:29 Horse Collar
31:08 Bow Saw
31:58 Gold Mining
35:50 Treadmill Crane
36:07 Murder Holes
40:55 Imperial Age
39:31 Hand Cart
39:02 Town Watch
40:38 Heavy Plow
41:16 Stone Shaft Mining
41:12 Forging
40:53 Fletching
41:04 Padded Archer Armor
42:04 Conscription
43:15 Chemistry
42:06 Heated Shot
42:38 Ballistics
44:05 Town Patrol
46:55 Two-Man Saw
46:43 Crop Rotation
46:43 Husbandry
46:05 Cavalier
47:50 Iron Casting
47:32 Leather Archer Armor
47:18 Scale Mail Armor
48:25 Onager
48:25 Capped Ram
50:11 Blast Furnace
49:06 Bodkin Arrow
49:46 Caravan
50:17 Coinage
49:42 Arbalester
50:27 Thumb Ring
49:43 Elite Skirmisher
50:26 Halberdier
52:57 Circumnavigation
53:14 Thumb Ring
56:50 Bracer
57:06 Chain Mail Armor
57:22 Ring Archer Armor
56:58 Scale Barding Armor
56:22 Elite Organ Gun
59:37 Plate Mail Armor
58:32 Light Cavalry
60:31 Bloodlines
Ugomez
12:07 Feudal Age
16:54 Castle Age
19:27 Wheelbarrow
18:58 Fletching
19:42 Double-Bit Axe
19:47 Horse Collar
19:36 Pikeman
22:26 Heavy Plow
22:33 Gold Mining
22:48 Crossbowman
24:30 Bow Saw
26:07 Hand Cart
26:55 Ballistics
31:42 Imperial Age
30:47 Thumb Ring
31:06 Bodkin Arrow
31:18 Scale Barding Armor
32:57 Arbalester
33:53 Scale Mail Armor
36:44 Stone Mining
40:58 Bracer
42:08 Crop Rotation
43:05 Elite Skirmisher
44:42 Padded Archer Armor
45:05 Chain Barding Armor
47:38 Leather Archer Armor
47:40 Chain Mail Armor
47:35 Forging
47:47 Halberdier
SeTaZ
10:20 Feudal Age
11:42 Double-Bit Axe
15:03 Bloodlines
23:05 Castle Age
21:43 Scale Barding Armor
22:51 Gold Mining
24:24 Chain Barding Armor
53:42 Pikeman
Lima3
12:21 Loom
15:18 Feudal Age
16:56 Wheelbarrow
16:23 Double-Bit Axe
19:03 Castle Age
16:59 Horse Collar
18:28 Scale Barding Armor
19:40 Wheelbarrow
20:37 Bloodlines
21:37 Gold Mining
24:46 Wheelbarrow
24:50 Husbandry
27:39 Chain Barding Armor
27:34 Forging
27:25 Scale Mail Armor
27:52 Hand Cart
31:37 Heavy Plow
32:29 Ballistics
36:25 Imperial Age
34:08 Guard Tower
34:20 Murder Holes
35:53 Iron Casting
38:38 Cavalier
40:28 Chemistry
41:36 Arrowslits
42:59 Elite Conquistador
58:57 Bombard Tower
Connection lost

Rejoining the realm…

Still unreachable

The connection could not be restored.

Session expired

The server has moved on; the page needs a fresh start.